 Dungeon Crawl Stone Soup version 0.26-a0-812-g31a745ddcd (webtiles) character file.

Game seed: 11195986314912325570

67 Riddle the Skirmisher (level 4, 0/29 HPs)
             Began as a Gargoyle Fighter on Nov 14, 2020.
             Slain by an iguana (4 damage)
             ... on level 3 of the Dungeon.
             The game lasted 00:01:02 (1650 turns).

Riddle the Skirmisher (Gargoyle Fighter)            Turns: 1650, Time: 00:01:02

Health: 0/29       AC: 10    Str: 21    XL:     4   Next: 18%
Magic:  4/4        EV:  7    Int:  8    God:
Gold:   158        SH:  9    Dex:  9    Spells: 3/3 levels left

rFire    . . .     SeeInvis .   k - +0 scimitar
rCold    . . .     Faith    .   c - +0 kite shield
rNeg     + . .     Spirit   .   b - +0 scale mail
rPois    ∞         Reflect  .   (no helmet)
rElec    +         Harm     .   (no cloak)
rCorr    .         Rampage  .   (no gloves)
MR       .....                  (no boots)
Stlth    ..........             (no amulet)
HPRegen  0.09/turn              (no ring)
MPRegen  0.09/turn              (no ring)

@: no status effects
A: negative energy resistance 1, electricity resistance, unbreathing,
petrification resistance, rot immunity, AC +3
a: no special abilities


You were on level 3 of the Dungeon.
You visited 1 branch of the dungeon, and saw 3 of its levels.

You collected 158 gold pieces.

Inventory:

Hand Weapons
 k - a +0 scimitar (weapon)
Armour
 b - a +0 scale mail (worn)
 c - a +0 kite shield (worn)
Scrolls
 e - a scroll of identify {unknown}
 f - a scroll of magic mapping {unknown}
 g - a scroll of amnesia {unknown}
 i - a scroll of enchant weapon {unknown}
Potions
 d - a potion of might
 h - a potion of degeneration {unknown}
 j - a potion of mutation {unknown}


   Skills:
 + Level 3.9 Fighting
 + Level 2.4 Long Blades
 + Level 3.9 Armour
 + Level 3.8 Shields


You had 3 spell levels left.
You didn't know any spells.
Your spell library was empty.

Dungeon Overview and Level Annotations

Branches:
Dungeon (3/15)

Altars:
Okawaru


Innate Abilities, Weirdness & Mutations

You are resistant to torment.
Your stone body is resilient. (AC +3)
You are immune to poison.
You resist negative energy. (rN+)
You are resistant to electric shocks. (rElec)
You can survive without breathing.
You are immune to petrification.
You are immune to rotting.


Message History

There are monsters nearby!
Unknown command.
Your shield prevents you from hitting the iguana.
The iguana is moderately wounded.
The iguana bites you!
The hobgoblin hits you but does no damage.
You are too injured to fight recklessly!
There are monsters nearby!
Unknown command.
You are too injured to fight recklessly!
You are too injured to fight recklessly!
There are monsters nearby!
Unknown command.
There is an open door here.
You closely miss the iguana.
The iguana is moderately wounded.
The iguana bites you!
* * * LOW HITPOINT WARNING * * *
The iguana bites you.
You die...

#.# #.# #.# #†# ####
#.#### ##...##....#
##.$...##...#
#.......#..[#
#..=...gl@..+
#.......#...#
##.....##...# ##...#
#...# ##### #...#
#####
##..)###...###...##
##.....##..†##.....##
#.......#...#.......#
#..(....'...'†...[..#


You could see an iguana and a hobgoblin.

Vanquished Creatures
  A worker ant (D:3)
  2 adders
  A dart slug (D:1)
  A leopard gecko (D:1)
  An orc (D:3)
  3 hobgoblins
  A quokka (D:3)
  2 bats
  10 frilled lizards
  4 kobolds
  4 rats (D:1)
30 creatures vanquished.

Vanquished Creatures (others)
  3 plants (D:1)
3 creatures vanquished.

Grand Total: 33 creatures vanquished

Notes
Turn   | Place    | Note
-------+----------+-------------------------------------------
     0 | D:1      | Riddle the Gargoyle Fighter began the quest for the Orb.
     0 | D:1      | Reached XP level 1. HP: 14/14 MP: 1/1
    62 | D:1      | Reached XP level 2. HP: 3/19 MP: 2/2
  1216 | D:2      | Reached XP level 3. HP: 21/24 MP: 3/3
  1261 | D:2      | Found an iron altar of Okawaru.
  1587 | D:3      | Reached XP level 4. HP: 29/29 MP: 4/4
  1650 | D:3      | Slain by an iguana

Illustrated notes

Levels and vault maps discovered:
D:1:      matt_arrival_diagonals, layout_loops_ring, minmay_lizard_king
D:2:      layout_rooms, lemuel_round_altar, kennysheep_generic_room_15
D:3:      kennysheep_six_static_rooms, layout_loops_ring, hex_tiny,
          kennysheep_generic_room_16, uniq_robin

Skill      XL: |  1 |
---------------+----+-----
Long Blades    | 2 |  2.4
Fighting       | |  3.9
Armour         | |  3.9
Shields        | |  3.8

Action                   |  1- 3 |  4- 6 || total
-------------------------+-------+-------++-------
Melee: Long sword        |    64 |       ||    64
       Scimitar          |    23 |    15 ||    38
Armor: Scale mail        |    35 |    11 ||    46
Dodge: Dodged            |    30 |     4 ||    34
Block: Kite shield       |    50 |    10 ||    60
       Rpst.: Long sword |    10 |       ||    10
       Scimitar          |     3 |     1 ||     4

Table legend: (Time is in decaauts)
 A = Elapsed time spent in this place.
 B = Non-inter-level travel time spent in this place.
 C = Inter-level travel time spent in this place.
 D = Time resting spent in this place.
 E = Time spent auto-exploring this place.
 F = Levels seen in this place.
 G = Mean time per level.
                   A        B        C        D        E       F      G
               +--------+--------+--------+--------+--------+-----+--------+
         Total |   1686 |   1609 |     77 |    251 |   1133 |   3 |  562.0 |
       Dungeon |   1686 |   1609 |     77 |    251 |   1133 |   3 |  562.0 |
               +--------+--------+--------+--------+--------+-----+--------+

Top non-repeatable levels by time:
     D:1: 991 daAuts
     D:2: 449 daAuts
     D:3: 245 daAuts
